| TOP OF THE 1ST |
|
Victoria Capitals batting - Pitching for Portland Angels : RHP William Flannigan
|
|
Pitching: RHP William Flannigan
|
|
|
Batting: RHB Mike Reynolds
|
0-0: Called Strike 0-1: Ball 1-1: Ball 2-1: Foul Ball, location: 2F 2-2: Strikes out swinging, 2-3 out at first.
|
|
Batting: RHB Antonio Arechiga
|
0-0: Called Strike 0-1: Ball 1-1: Foul Ball, location: 2F 1-2: Strikes out looking
|
|
Batting: RHB Caleb Dean
|
0-0: Ball 1-0: Ball 2-0: SOLO HOME RUN (Line Drive, 78XD, EV 96.2 MPH), Distance : 380 ft
|
|
Batting: LHB Willard Balcome
|
0-0: Foul Ball, location: 2F 0-1: Fly out, F8 (Flyball, 8LXD, EV 110.6 MPH)
|
| Top of the 1st over - 1 run, 1 hit, 0 errors, 0 left on base; Victoria 1 - Portland 0 |
| BOTTOM OF THE 1ST |
|
Portland Angels batting - Pitching for Victoria Capitals : RHP Jae-chun Jung
|
|
Pitching: RHP Jae-chun Jung
|
|
|
Batting: RHB Jose Garduno
|
0-0: Called Strike 0-1: Ball 1-1: Ball 2-1: Fly out, F8 (Line Drive, 8RD, EV 85.6 MPH)
|
|
Batting: LHB Miguel Hernandez
|
0-0: Ball 1-0: Called Strike 1-1: Swinging Strike 1-2: Strikes out swinging
|
|
Batting: RHB Alex Rosaly
|
0-0: Ball 1-0: SINGLE (Line Drive, 56D, EV 95.0 MPH)
|
|
Batting: RHB Mario Martinez
|
0-0: Ball Alex Rosaly steals 2nd base 1-0: Foul Ball, location: 2F 1-1: Foul Ball, location: 2F 1-2: Ball 2-2: Ball 3-2: SINGLE (Groundball, 4S, EV 75.6 MPH) (infield hit) Alex Rosaly to third
|
|
Batting: RHB Jayden Hollaway
|
0-0: SINGLE (Groundball, 6S, EV 70.6 MPH) (infield hit) Alex Rosaly scores Mario Martinez to second
|
|
Batting: LHB John Harvey
|
0-0: Ball 1-0: Called Strike 1-1: SINGLE (Groundball, 4D, EV 103.1 MPH) Mario Martinez to third Jayden Hollaway to second
|
|
Batting: RHB Bob Dewar
|
0-0: Called Strike 0-1: GRAND SLAM HOME RUN (Flyball, 9D, EV 93.1 MPH), Distance : 351 ft
|
|
Batting: RHB Ken Beck
|
0-0: Called Strike 0-1: Ball 1-1: Swinging Strike 1-2: Ground out 2-3 (Groundball, 15S, EV 67.5 MPH)
|
| Bottom of the 1st over - 5 runs, 5 hits, 0 errors, 0 left on base; Victoria 1 - Portland 5 |
| TOP OF THE 2ND |
|
Victoria Capitals batting - Pitching for Portland Angels : RHP William Flannigan
|
|
Batting: SHB Rich Roberts
|
0-0: DOUBLE (Line Drive, 7LM, EV 101.2 MPH)
|
|
Batting: LHB Jason Cary
|
0-0: SINGLE (Groundball, 34D, EV 96.9 MPH) Rich Roberts to third
|
|
Batting: LHB Mike Jones
|
0-0: Ball 1-0: Fielders Choice at 2nd, 6-4 (Groundball, 56, EV 88.1 MPH) Rich Roberts scores
|
|
Batting: RHB Hyeon-cheong Lee
|
0-0: Foul Ball, location: 2F 0-1: Called Strike 0-2: SINGLE (Groundball, 3D, EV 100.0 MPH) Mike Jones to second Runner from 2nd tries for 3rd, SAFE, throw by RF made to third
|
|
Batting: RHB Ray Wathey
|
0-0: Called Strike 0-1: Ball 1-1: Ball 2-1: Swinging Strike 2-2: Foul Ball, location: 2F 2-2: Foul Ball, location: 2F 2-2: Strikes out swinging
|
|
Batting: RHB Mike Reynolds
|
0-0: Ball 1-0: Called Strike 1-1: Ball 2-1: Foul Ball, location: 2F 2-2: Ground out 4-3 (Groundball, 34, EV 84.4 MPH)
|
| Top of the 2nd over - 1 run, 3 hits, 0 errors, 2 left on base; Victoria 2 - Portland 5 |
| BOTTOM OF THE 2ND |
|
Portland Angels batting - Pitching for Victoria Capitals : RHP Jae-chun Jung
|
|
Batting: LHB Matt Herndon
|
0-0: Ball 1-0: Swinging Strike 1-1: Ball 2-1: Ball 3-1: Fly out, F8 (Line Drive, 8RD, EV 91.9 MPH)
|
|
Batting: RHB Jose Garduno
|
0-0: Ball 1-0: Ground out 4-3 (Groundball, 4M, EV 81.9 MPH)
|
|
Batting: LHB Miguel Hernandez
|
0-0: Ball 1-0: Ground out 6-3 (Groundball, 4M, EV 78.1 MPH)
|
| Bottom of the 2nd over - 0 runs, 0 hits, 0 errors, 0 left on base; Victoria 2 - Portland 5 |
| TOP OF THE 3RD |
|
Victoria Capitals batting - Pitching for Portland Angels : RHP William Flannigan
|
|
Batting: RHB Antonio Arechiga
|
0-0: Ball 1-0: Ball 2-0: Called Strike 2-1: Foul Ball, location: 2F 2-2: SINGLE (Line Drive, 9LS, EV 110.0 MPH)
|
|
Batting: RHB Caleb Dean
|
0-0: Swinging Strike 0-1: Fly out, F8 (Flyball, 8RD, EV 104.4 MPH)
|
|
Batting: LHB Willard Balcome
|
0-0: Swinging Strike 0-1: Grounds into double play, 4-6-3 (Groundball, 4, EV 83.8 MPH)
|
| Top of the 3rd over - 0 runs, 1 hit, 0 errors, 0 left on base; Victoria 2 - Portland 5 |
| BOTTOM OF THE 3RD |
|
Portland Angels batting - Pitching for Victoria Capitals : RHP Jae-chun Jung
|
|
Batting: RHB Alex Rosaly
|
0-0: Ball 1-0: Swinging Strike 1-1: Swinging Strike 1-2: Ground out 6-3 (Groundball, 6S, EV 93.1 MPH)
|
|
Batting: RHB Mario Martinez
|
0-0: Called Strike 0-1: Ball 1-1: Swinging Strike 1-2: Strikes out swinging
|
|
Batting: RHB Jayden Hollaway
|
0-0: Swinging Strike 0-1: Swinging Strike 0-2: Ground out 4-3 (Groundball, 4M, EV 86.9 MPH)
|
| Bottom of the 3rd over - 0 runs, 0 hits, 0 errors, 0 left on base; Victoria 2 - Portland 5 |
| TOP OF THE 4TH |
|
Victoria Capitals batting - Pitching for Portland Angels : RHP William Flannigan
|
|
Batting: SHB Rich Roberts
|
0-0: Fly out, F7 (Flyball, 7S, EV 92.5 MPH)
|
|
Batting: LHB Jason Cary
|
0-0: Ball 1-0: Foul Ball, location: 2F 1-1: Foul Ball, location: 2F 1-2: Foul Ball, location: 2F 1-2: Foul Ball, location: 2F 1-2: Ball 2-2: Ground out 5-3 (Groundball, 56S, EV 90.0 MPH)
|
|
Batting: LHB Mike Jones
|
0-0: Ball 1-0: Swinging Strike 1-1: Ball 2-1: Fly out, F5 (Popup, 25F, EV 84.4 MPH)
|
| Top of the 4th over - 0 runs, 0 hits, 0 errors, 0 left on base; Victoria 2 - Portland 5 |
| BOTTOM OF THE 4TH |
|
Portland Angels batting - Pitching for Victoria Capitals : RHP Jae-chun Jung
|
|
Batting: LHB John Harvey
|
0-0: Called Strike 0-1: Ball 1-1: DOUBLE (Flyball, 78D, EV 103.1 MPH)
|
|
Batting: RHB Bob Dewar
|
0-0: SINGLE (Line Drive, 9S, EV 112.5 MPH) John Harvey to third
|
|
Pitching: RHP Victor Ocampo
|
|
|
Batting: RHB Ken Beck
|
0-0: Ball 1-0: Called Strike 1-1: Foul Ball, location: 2F 1-2: Strikes out looking
|
|
Batting: LHB Matt Herndon
|
0-0: Fly out, F4 (Popup, 4M, EV 62.5 MPH)
|
|
Batting: RHB Jose Garduno
|
0-0: Ball 1-0: Called Strike 1-1: Fly out, F7 (Flyball, 78S, EV 84.4 MPH)
|
| Bottom of the 4th over - 0 runs, 2 hits, 0 errors, 2 left on base; Victoria 2 - Portland 5 |
| TOP OF THE 5TH |
|
Victoria Capitals batting - Pitching for Portland Angels : RHP William Flannigan
|
|
Batting: RHB Hyeon-cheong Lee
|
0-0: Called Strike 0-1: Fly out, F8 (Flyball, 8RD, EV 101.2 MPH)
|
|
Batting: RHB Ray Wathey
|
0-0: Ball 1-0: Ball 2-0: Swinging Strike 2-1: Swinging Strike 2-2: Strikes out swinging
|
|
Batting: RHB Mike Reynolds
|
0-0: Fly out, F8 (Line Drive, 8LD, EV 91.9 MPH)
|
| Top of the 5th over - 0 runs, 0 hits, 0 errors, 0 left on base; Victoria 2 - Portland 5 |
| BOTTOM OF THE 5TH |
|
Portland Angels batting - Pitching for Victoria Capitals : RHP Victor Ocampo
|
|
Batting: LHB Miguel Hernandez
|
0-0: Ball 1-0: Foul Ball, location: 2F 1-1: Ball 2-1: Called Strike 2-2: Ball 3-2: Foul Ball, location: 2F 3-2: Base on Balls
|
|
Batting: RHB Alex Rosaly
|
0-0: Ball 1-0: Ball Miguel Hernandez is caught stealing 2nd base 2-4 2-0: DOUBLE (Flyball, 78D, EV 92.5 MPH)
|
|
Batting: RHB Mario Martinez
|
0-0: Called Strike 0-1: Swinging Strike 0-2: Ball 1-2: Ball 2-2: Strikes out looking
|
|
Batting: RHB Jayden Hollaway
|
0-0: Called Strike 0-1: Fly out, F7 (Line Drive, 7, EV 95.6 MPH)
|
| Bottom of the 5th over - 0 runs, 1 hit, 0 errors, 1 left on base; Victoria 2 - Portland 5 |
| TOP OF THE 6TH |
|
Victoria Capitals batting - Pitching for Portland Angels : RHP William Flannigan
|
|
Batting: RHB Antonio Arechiga
|
0-0: Ball 1-0: Ball 2-0: Ground out 6-3 (Groundball, 6, EV 100.6 MPH)
|
|
Batting: RHB Caleb Dean
|
0-0: Called Strike 0-1: Ball 1-1: Ball 2-1: Foul Ball, location: 2F 2-2: Foul Ball, location: 2F 2-2: Foul Ball, location: 2F 2-2: Foul Ball, location: 2F 2-2: Foul Ball, location: 2F 2-2: Strikes out swinging
|
|
Batting: LHB Willard Balcome
|
0-0: DOUBLE (Groundball, 5L, EV 102.5 MPH)
|
|
Pitching: RHP George Leroux
|
|
|
Batting: SHB Rich Roberts
|
0-0: Ground out 4-3 (Groundball, 4, EV 80.0 MPH)
|
| Top of the 6th over - 0 runs, 1 hit, 0 errors, 1 left on base; Victoria 2 - Portland 5 |
| BOTTOM OF THE 6TH |
|
Portland Angels batting - Pitching for Victoria Capitals : RHP Victor Ocampo
|
|
Batting: LHB John Harvey
|
0-0: Called Strike 0-1: Foul Ball, location: 2F 0-2: Ball 1-2: Fly out, F7 (Flyball, 7, EV 85.6 MPH)
|
|
Batting: RHB Bob Dewar
|
0-0: Foul Ball, location: 2F 0-1: Ball 1-1: Ball 2-1: Foul Ball, location: 2F 2-2: Ball 3-2: Foul Ball, location: 2F 3-2: Strikes out swinging
|
|
Batting: RHB Ken Beck
|
0-0: Ball 1-0: Called Strike 1-1: Ball 2-1: Foul Ball, location: 2F 2-2: Strikes out swinging
|
| Bottom of the 6th over - 0 runs, 0 hits, 0 errors, 0 left on base; Victoria 2 - Portland 5 |
| TOP OF THE 7TH |
|
Victoria Capitals batting - Pitching for Portland Angels : RHP George Leroux
|
|
Batting: LHB Jason Cary
|
0-0: Called Strike 0-1: Ball 1-1: Called Strike 1-2: Ball 2-2: Strikes out swinging
|
|
Batting: LHB Mike Jones
|
0-0: Ball 1-0: Foul Ball, location: 2F 1-1: Ball 2-1: Ball 3-1: Foul Ball, location: 2F 3-2: Foul Ball, location: 2F 3-2: Strikes out looking
|
|
Pinch Hitting: LHB Yen-ti Zhu
|
0-0: Swinging Strike 0-1: Ball 1-1: Ball 2-1: Swinging Strike 2-2: Strikes out swinging
|
| Top of the 7th over - 0 runs, 0 hits, 0 errors, 0 left on base; Victoria 2 - Portland 5 |
| BOTTOM OF THE 7TH |
|
Portland Angels batting - Pitching for Victoria Capitals : RHP Victor Ocampo
|
|
Pitching: RHP Joey Mallandaine
|
|
|
Now in RF: Rick Harrison
|
|
|
Batting: LHB Matt Herndon
|
0-0: Ground out 3-1 (Groundball, 34, EV 92.5 MPH)
|
|
Batting: RHB Jose Garduno
|
0-0: Ball 1-0: Fly out, F3 (Popup, 3SF, EV 78.1 MPH)
|
|
Batting: LHB Miguel Hernandez
|
0-0: Foul Ball, location: 2F 0-1: Foul Ball, location: 2F 0-2: Ball 1-2: Strikes out swinging
|
| Bottom of the 7th over - 0 runs, 0 hits, 0 errors, 0 left on base; Victoria 2 - Portland 5 |
| TOP OF THE 8TH |
|
Victoria Capitals batting - Pitching for Portland Angels : RHP George Leroux
|
|
Now in RF: Dan Contreras
|
|
|
Pinch Hitting: LHB Adam Lupfer
|
0-0: Foul Ball, location: 2F 0-1: Foul Ball, location: 2F 0-2: Ball 1-2: Foul Ball, location: 2F 1-2: Fly out, F7 (Line Drive, 7, EV 85.0 MPH)
|
|
Pinch Hitting: RHB Nick Ellis
|
0-0: Foul Ball, location: 2F 0-1: Ball 1-1: Ball 2-1: Foul Ball, location: 2F 2-2: Foul Ball, location: 2F 2-2: Ball 3-2: Foul Ball, location: 2F 3-2: Base on Balls
|
|
Batting: RHB Antonio Arechiga
|
0-0: Ball 1-0: Ground out 6-3 (Groundball, 6D, EV 100.6 MPH) Nick Ellis to second
|
|
Batting: RHB Caleb Dean
|
0-0: Swinging Strike 0-1: Ball 1-1: Ball 2-1: Ball 3-1: Swinging Strike 3-2: Foul Ball, location: 2F 3-2: Strikes out swinging
|
| Top of the 8th over - 0 runs, 0 hits, 0 errors, 1 left on base; Victoria 2 - Portland 5 |
| BOTTOM OF THE 8TH |
|
Portland Angels batting - Pitching for Victoria Capitals : RHP Joey Mallandaine
|
|
Now at 3B: Nick Ellis
|
|
|
Now at SS: Ron Mack
|
|
|
Batting: RHB Alex Rosaly
|
0-0: Called Strike 0-1: Ball 1-1: Called Strike 1-2: SINGLE (Line Drive, 8LS, EV 106.9 MPH)
|
|
Batting: RHB Mario Martinez
|
0-0: Foul Ball, location: 2F 0-1: Ball 1-1: Swinging Strike 1-2: Ball 2-2: Ball 3-2: Base on Balls Alex Rosaly to second
|
|
Batting: RHB Jayden Hollaway
|
0-0: Foul Ball, location: 2F 0-1: Ball 1-1: Ball 2-1: Called Strike 2-2: Ball 3-2: Strikes out looking
|
|
Pitching: RHP Terry Jeffrey
|
|
|
Batting: LHB John Harvey
|
0-0: Ball 1-0: Called Strike Alex Rosaly steals 3rd base (no throw) 1-1: Fly out, F9 (Flyball, 9, EV 96.2 MPH) Runner from 3rd tags up, SCORES, no throw by RF
|
|
Batting: RHB Bob Dewar
|
0-0: Ball 1-0: Ball 2-0: Foul Ball, location: 2F 2-1: Ball Mario Martinez is caught stealing 2nd base 2-4
|
| Bottom of the 8th over - 1 run, 1 hit, 0 errors, 0 left on base; Victoria 2 - Portland 6 |
| TOP OF THE 9TH |
|
Victoria Capitals batting - Pitching for Portland Angels : RHP George Leroux
|
|
Pinch Hitting: RHB Roberto Medina
|
0-0: Swinging Strike 0-1: Called Strike 0-2: Foul Ball, location: 2F 0-2: Strikes out looking
|
|
Pinch Hitting: RHB Jeremy Marin
|
0-0: Ball 1-0: Foul Ball, location: 2F 1-1: Fly out, F9 (Flyball, 9, EV 82.5 MPH)
|
|
Batting: LHB Jason Cary
|
0-0: Ball 1-0: Ball 2-0: Foul Ball, location: 2F 2-1: Ground out 4-3 (Groundball, 4, EV 106.2 MPH)
|
| Top of the 9th over - 0 runs, 0 hits, 0 errors, 0 left on base; Victoria 2 - Portland 6 |
|